 Dungeon Crawl Stone Soup version 0.30-a0-439-g9e77e4d916 (webtiles) character file.

Game seed: 599335345864850614

28 dr0g0th the Poker (level 2, -13/22 HPs)
             Began as a Demonspawn Gladiator on Dec 11, 2022.
             Mangled by an ogre
             ... wielding a +0 giant club
              (26 damage)
             ... on level 2 of the Dungeon.
             The game lasted 00:01:41 (1835 turns).

dr0g0th the Poker (Demonspawn Gladiator)            Turns: 1835, Time: 00:01:41

Health: -13/22     AC: 14    Str: 14    XL:     2   Next: 96%
Magic:  2/2        EV:  4    Int:  9    God:
Gold:   125        SH:  0    Dex: 14    Spells: 1/1 levels left

rFire   . . .      SeeInvis .    a - +0 trident
rCold   . . .      Faith    .    (no shield)
rNeg    . . .      Spirit   .    g - +0 plate armour
rPois   .          Reflect  .    c - +0 helmet
rElec   .          Harm     .    j - +0 cloak
rCorr   .          Rampage  .    (no gloves)
Will    .....                    (no boots)
Stlth   ..........               (no amulet)
HPRegen 0.23/turn                (no ring)
MPRegen 0.08/turn                (no ring)

@: weak-willed
A: slimy green scales 1
a: no special abilities


You were on level 2 of the Dungeon.
You visited 1 branch of the dungeon, and saw 3 of its levels.

You collected 125 gold pieces.

Inventory:

Hand Weapons
 a - a +0 trident (weapon)
Missiles
 d - 3 throwing nets (quivered)
 e - a javelin
Armour
 c - a +0 helmet (worn)
 g - a +0 plate armour (worn)
 j - a +0 cloak (worn)
Scrolls
 h - a scroll of magic mapping
 l - a scroll of silence {unknown}
 m - a scroll of identify
 n - a scroll of fog {unknown}
Potions
 b - a potion of lignification {unknown}
 f - a potion of degeneration
 k - a potion of brilliance {unknown}


   Skills:
 + Level 2.0 Fighting
 + Level 3.3 Polearms
 + Level 1.8 Throwing
 + Level 0.1 Armour
 + Level 3.0 Dodging
 + Level 0.2 Stealth


You had one spell level left.
You didn't know any spells.
Your spell library contained the following spells:

 Spells                   Type           Power      Damage    Failure   Level
 Slow                     Hex            0%         N/A       100%        1
 Confusing Touch          Hex            0%         N/A       100%        3
 Vampiric Draining        Necr           0%         2d6       100%        3


Dungeon Overview and Level Annotations

Branches:
Dungeon (3/15)

Altars:


Innate Abilities, Weirdness & Mutations

You are partially covered in slimy green scales. (AC +2)


Message History

There is an open door here.
Found 5 stones.
Found a stone staircase leading down.
n - a scroll labelled BOWKUE GEJILAM You enter the shallow water.
Moving in this stuff is going to be slow.
You enter the shallow water.
Moving in this stuff is going to be slow.
You enter the shallow water.
Moving in this stuff is going to be slow.
Key pressed, stopping explore.
You see here a +0 dagger.
Things that are here:
a +3 dagger; 2 stones You see here 3 poisoned darts.
You open the door.
There is an open door here.
Done exploring.
Done exploring.
No target in view!
(D) Dungeon
Where to? (Enter - D:2 @ (x,y), ? - help)
There is an open door here.
There is a stone staircase leading down here.
Key pressed, stopping travel.
You climb downwards.
The ogre shouts!
There is a stone staircase leading up here.
An ogre is nearby!
The ogre hits you with a +0 giant club!
You climb upwards.
There is a stone staircase leading down here.
An ogre is nearby!
As you read the scroll labelled ANASSA HEAHAKH, it crumbles to dust.
You feel momentarily disoriented.
It was a scroll of magic mapping.
As you read the scroll labelled QAECWE TAGOVIA, it crumbles to dust.
Magic quickly surges around you.
It was a scroll of vulnerability.
The ogre hits you with a +0 giant club!!
Ouch! That really hurt!
You die...

##P#P.##~~P..#....#.#~~#~~~#
#######≈P..P#....'P#~~##~##
############################
)............##
###.########..# # #.#
######..# # #.# #......(##
###.###<#####..###
....#....#####.O@#
#####............# #
##............#
####.........'#####
##.......#####...≈#
##...........#...≈#
##...........#...≈#
~###..)......#...≈#
~~~#.........#≈≈≈≈##


You could see an ogre (weak-willed).

Vanquished Creatures
  2 ball pythons
  2 bats
  An endoplasm (D:2)
  A giant cockroach (D:2)
  7 goblins
  2 hobgoblins (D:2)
  2 quokkas (D:2)
  2 frilled lizards (D:1)
  3 kobolds
  2 rats (D:2)
24 creatures vanquished.

Notes
Turn   | Place    | Note
-------+----------+-------------------------------------------
     0 | D:1      | dr0g0th the Demonspawn Gladiator began the quest for the
                  | Orb.
     0 | D:1      | Reached XP level 1. HP: 16/16 MP: 1/1
   829 | D:1      | Gained mutation: You are partially covered in slimy green
                  | scales. (AC +2) [demonic ancestry]
   829 | D:1      | Reached XP level 2. HP: 22/22 MP: 2/2
  1831 | D:3      | Noticed an ogre
  1835 | D:2      | Mangled by an ogre

Illustrated notes

Levels and vault maps discovered:
D:1:      dpeg_arrival_radiant, layout_loops_corners
D:2:      wad_lake_hut, layout_basic, serial_rivers,
          chequers_serial_rivers_micro_c, chequers_serial_rivers_large_b,
          chequers_serial_rivers_small_a, chequers_serial_rivers_room_a,
          chequers_serial_rivers_marsh, minmay_misc_feat_x
D:3:      layout_loops_ring, nicolae_dithmenos_shadow_blocks,
          serial_bayou_crossing

Skill      XL: |  1  2 |
---------------+-------+-----
Polearms       | 3 |  3.3
Dodging        | 3 |  3.0
Fighting       | |  2.0
Throwing       | |  1.8
Armour         | |  0.1
Stealth        | |  0.2

Action                   || total
-------------------------++-------
Melee: Trident           ||    90
       Punch             ||     1
  Use: Scroll            ||     4
Armor: Leather armour    ||     4
       Plate armour      ||    28
Dodge: Dodged            ||    35

Table legend: (Time is in decaauts)
 A = Elapsed time spent in this place.
 B = Non-inter-level travel time spent in this place.
 C = Inter-level travel time spent in this place.
 D = Time resting spent in this place.
 E = Time spent auto-exploring this place.
 F = Levels seen in this place.
 G = Mean time per level.
                   A        B        C        D        E       F      G
               +--------+--------+--------+--------+--------+-----+--------+
         Total |   1945 |   1906 |     39 |      0 |   1678 |   3 |  648.3 |
       Dungeon |   1945 |   1906 |     39 |      0 |   1678 |   3 |  648.3 |
               +--------+--------+--------+--------+--------+-----+--------+

Top non-repeatable levels by time:
     D:2: 1015 daAuts
     D:1: 928 daAuts
     D:3: 1 daAuts
